 Dungeon Crawl Stone Soup version 0.28-a0-779-g3d1f99b579 (webtiles) character file.

Game seed: 859811736988875902

20 gimp the Skirmisher (level 2, -2/27 HPs)
             Began as a Ghoul Cinder Acolyte on Nov 2, 2021.
             Was a High Priest of Ignis.
             Slain by a kobold (3 damage)
             ... on level 2 of the Dungeon.
             The game lasted 00:03:44 (1016 turns).

gimp the Skirmisher (Ghoul Cinder Acolyte)          Turns: 1016, Time: 00:03:45

Health: -2/27      AC:  5    Str: 17    XL:     2   Next: 79%
Magic:  2/2        EV: 10    Int:  9    God:    Ignis [*****.]
Gold:   56         SH:  0    Dex:  4    Spells: 1/3 levels left

rFire   + . .      SeeInvis .   a - -1 falchion (flame)
rCold   + . .      Faith    .   (no shield)
rNeg    + + +      Spirit   .   g - +0 ring mail
rPois   ∞          Reflect  .   (no helmet)
rElec   .          Harm     .   (no cloak)
rCorr   .          Rampage  .   (no gloves)
Will    .....                   (no boots)
Stlth   ..........              (no amulet)
HPRegen 0.00/turn               (no ring)
MPRegen 0.08/turn               (no ring)

@: inhibited regen
A: claws 1, cold resistance 1, negative energy resistance 3, inhibited
regeneration, torment resistance 2
a: Renounce Religion, Sea of Fire, Foxfire Swarm, Rising Flame


You were on level 2 of the Dungeon.
You worshipped Ignis.
Ignis was extremely pleased with you.
You visited 1 branch of the dungeon, and saw 2 of its levels.

You collected 56 gold pieces.

Inventory:

Hand Weapons
 a - a -1 falchion of flaming (weapon)
Armour
 g - a +0 ring mail (worn)
Scrolls
 d - a scroll of enchant armour {unknown}
 f - a scroll of summoning {unknown}
 h - a scroll of identify {unknown}
Potions
 b - a potion of flight {unknown}
 c - a potion of lignification {unknown}
 e - a potion of degeneration {unknown}
 i - a potion of heal wounds {unknown}


   Skills:
 * Level 4.0 Fighting
 + Level 3.0 Long Blades
 - Level 1.0 Spellcasting
 - Level 2.4 Fire Magic


You had one spell level left.
You knew the following spells:

 Your Spells              Type           Power      Damage    Failure   Level
a - Scorch                Fire           8%         2d5       36%         2

Your spell library contained the following spells:

 Spells                   Type           Power      Damage    Failure   Level
 Sting                    Tmut/Pois      0%         1d3       56%         1
 Poisonous Vapours        Pois/Air       0%         N/A       71%         2
 Olgreb's Toxic Radiance  Pois           0%         N/A       100%        4


Dungeon Overview and Level Annotations

Branches:
Dungeon (2/15)

Altars:


Innate Abilities, Weirdness & Mutations

You thrive by killing the living.
You are immune to poison.
You have sharp fingernails.
Your flesh is cold resistant. (rC+)
You are immune to negative energy. (rN+++)
You do not regenerate when monsters are visible.
You are immune to unholy pain and torment.


Message History

The goblin is heavily wounded.
The goblin hits you but does no damage. The goblin closely misses you.
You completely miss the goblin.
The goblin is heavily wounded.
The goblin closely misses you.
An endoplasm comes into view.
The goblin hits you but does no damage. The goblin barely misses you.
You completely miss the goblin.
The goblin is heavily wounded.
The goblin hits you with a +0 dagger.
The goblin hits you with a +1 dagger of venom.
You take 5 damage, and have 15/27 hp.
You barely miss the goblin.
The goblin is heavily wounded.
The goblin hits you with a +0 dagger. The goblin hits you but does no damage.
You take 1 damage, and have 14/27 hp.
The goblin unwields a +0 dagger.
The goblin wields a +2 hunting sling of freezing.
It is covered in frost.
The goblin shoots a stone.
The stone hits you. The stone freezes you.
* * * LOW HITPOINT WARNING * * *
You take 6 damage, and have 8/27 hp.
MASSIVE DAMAGE!!
The goblin shoots a stone.
The stone barely misses you.
There is a stone staircase leading down here.
The goblin shoots a stone.
The stone hits you.
* * * LOW HITPOINT WARNING * * *
The stone freezes you.
* * * LOW HITPOINT WARNING * * *
You take 7 damage, and have 1/27 hp.
MASSIVE DAMAGE!!
The goblin shoots a stone.
The stone barely misses you.
There is a stone staircase leading up here.
The goblin barely misses you.
You climb upwards.
There is a stone staircase leading down here.
Unknown command.
There is an escape hatch in the floor here.
You slide downwards.
The hatch slams shut behind you.
The kobold shouts!
The kobold hits you with a +0 whip.
You die...

######
#.....#
##....)..
#@.......
#K.......
#........
.........
.........
.#........
###.......
......#


You could see a kobold.

Vanquished Creatures
  A gnoll (D:1)
  3 ball pythons
  2 bats (D:1)
  A goblin (D:1)
  A hobgoblin (D:1)
  A quokka (D:1)
9 creatures vanquished.

Notes
Turn   | Place    | Note
-------+----------+-------------------------------------------
     0 | D:1      | gimp the Ghoul Cinder Acolyte began the quest for the Orb.
     0 | D:1      | Reached XP level 1. HP: 19/19 MP: 1/1
   387 | D:1      | Reached XP level 2. HP: 27/27 MP: 2/2
   509 | D:1      | Learned a level 2 spell: Scorch
   715 | D:1      | Reached skill level 4 in Fighting
   949 | D:2      | HP: 1/27 [goblin/stone (1)]
  1016 | D:2      | Slain by a kobold

Illustrated notes

Levels and vault maps discovered:
D:1:      ncdulo_halloftheorcs, layout_rooms
D:2:      layout_rooms, basic_altar, guppyfry_early_orc_mine, uniq_sigmund

Skill      XL: |  1  2 |
---------------+-------+-----
Fighting       | 4 |  4.0
Long Blades    | 3 |  3.0
Spellcasting   | |  1.0
Fire Magic     | |  2.4

Action                   || total
-------------------------++-------
Melee: Falchion          ||    36
Armor: Robe              ||     3
       Ring mail         ||     8
Dodge: Dodged            ||    22

Table legend: (Time is in decaauts)
 A = Elapsed time spent in this place.
 B = Non-inter-level travel time spent in this place.
 C = Inter-level travel time spent in this place.
 D = Time resting spent in this place.
 E = Time spent auto-exploring this place.
 F = Levels seen in this place.
 G = Mean time per level.
                   A        B        C        D        E       F      G
               +--------+--------+--------+--------+--------+-----+--------+
         Total |   1022 |   1022 |      0 |    142 |    644 |   2 |  511.0 |
       Dungeon |   1022 |   1022 |      0 |    142 |    644 |   2 |  511.0 |
               +--------+--------+--------+--------+--------+-----+--------+

Top non-repeatable levels by time:
     D:1: 923 daAuts
     D:2: 99 daAuts
